 Dungeon Crawl Stone Soup version 0.21.0-3-g78d12a8 (webtiles) character file.

143277 Firecrotchwizard the Slicer (level 17, -1/94 HPs)
             Began as a Vine Stalker Berserker on Jan 17, 2018.
             Was the Champion of Trog.
             Killed by the raging water
             ... invoked by a water nymph
              (13 damage)
             ... on level 4 of the Shoals.
             The game lasted 01:18:35 (25771 turns).

Firecrotchwizard the Slicer (VSBe)                 Turns: 25771, Time: 01:18:36

Health: -1/94      AC: 34    Str: 25    XL:     17   Next: 37%
Magic:  0/26       EV: 15    Int:  7    God:    Trog [******]
Gold:   2123       SH: 10    Dex: 19    Spells: 16/16 levels left

rFire    . . .     SeeInvis .   o - +4 dagger (elec)
rCold    . . .     Gourm    .   Q - +0 buckler
rNeg     . . .     Faith    .   C - +3 plate armour {MR+}
rPois    .         Spirit   +   S - +2 hat
rElec    .         Reflect  +   X - +2 cloak {+Inv}
rCorr    .         Harm     .   a - +3 pair of gauntlets of War {Slay+5}
MR       +++..                  z - +2 pair of boots
Stlth    ..........             V - +5 amulet of reflection
HPRegen  1.05/turn              A - +3 ring of strength
MPRegen  0.20/turn              I - +3 ring of protection

@: studying Bows, drained, very slow
A: fangs 3, regeneration 2, magic shield, antimagic bite, no potion heal 3, rot
immunity
a: Berserk, Trog's Hand, Brothers in Arms, Burn Spellbooks, Renounce Religion,
Evoke Invisibility


You were on level 4 of the Shoals.
You worshipped Trog.
Trog was exalted by your worship.
You were not hungry.

You visited 4 branches of the dungeon, and saw 27 of its levels.
You also visited: Labyrinth.

You collected 2882 gold pieces.
You spent 759 gold pieces at shops.

Inventory:

Hand Weapons
 k - the +9 fustibalus "Buka" {flame, rF- rC+ Dex+5}
   (Trog gifted it to you on level 1 of the Shoals)

   It causes projectiles fired from it to burn those they strike, causing extra
   injury to most foes and up to half again as much damage against particularly
   susceptible opponents.
   It affects your dexterity (+5).
   It makes you vulnerable to fire.
   It protects you from cold.
 o - a +4 dagger of electrocution (weapon)
   (You took it off an orc wizard on level 6 of the Dungeon)
 N - a +2 vampiric dagger {!w}
   (Trog gifted it to you on level 12 of the Dungeon)
 R - a +6 quick blade
   (Trog gifted it to you on level 11 of the Dungeon)
Armour
 a - the +3 pair of gauntlets of War (worn) {Slay+5}
   (You found it on level 6 of the Dungeon)

   It affects your accuracy and damage with ranged weapons and melee attacks
   (+5).
 z - a +2 pair of boots (worn)
   (You bought it in a shop on level 6 of the Dungeon)
 C - a +3 plate armour of magic resistance (worn)
   (You took it off an orc warlord on level 1 of the Orcish Mines)
 Q - a +0 buckler (worn)
   (You took it off a spriggan on level 3 of the Lair of Beasts)
 S - a +2 hat (worn)
   (You found it on level 1 of the Lair of Beasts)
 X - a +2 cloak of invisibility (worn)
   (You bought it in a shop on level 2 of the Orcish Mines)
Jewellery
 d - an uncursed ring of fire {rF+, rC-}
   (You found it on level 2 of the Dungeon)
 i - an uncursed ring of stealth {Stlth+}
   (You took it off a yaktaur on level 14 of the Dungeon)
 w - an uncursed ring of ice {rC+, rF-}
   (You took it off a kobold on level 3 of the Dungeon)
 x - an uncursed ring of see invisible {sInv, !d}
   (You found it on level 6 of the Dungeon)
 A - a +3 ring of strength (left hand)
   (You acquired it on level 7 of the Dungeon)
 H - the macabre finger necklace {rN+}
   (You found it on level 2 of the Shoals)

   [amulet of nothing]

   It protects you from negative energy.
 I - a +3 ring of protection (right hand)
   (You found it on level 5 of the Lair of Beasts)
 T - an uncursed amulet of faith {Faith, !P}
   (You took it off a yaktaur on level 14 of the Dungeon)
 V - a +5 amulet of reflection (around neck)
   (You found it on level 1 of the Lair of Beasts)
Wands
 u - a wand of disintegration (13) {@e1}
   (You found it in a labyrinth)
 D - a wand of random effects (85)
   (You found it on level 7 of the Dungeon)
 J - a wand of digging (66)
   (You found it on level 8 of the Dungeon)
 O - a wand of iceblast (39)
   (You found it on level 10 of the Dungeon)
Scrolls
 b - a scroll of magic mapping {!r}
 e - 10 scrolls of identify
 n - 5 scrolls of fog
 s - 7 scrolls of remove curse
 B - a scroll of enchant armour
 K - a scroll of blinking {!r}
 U - 12 scrolls of teleportation
Potions
 h - 2 potions of invisibility
 j - 12 potions of curing
 m - a potion of mutation {unknown}
 p - 4 potions of cancellation
 q - 3 potions of ambrosia
 r - 2 potions of flight
 t - a potion of berserk rage {unknown}
 v - 6 potions of haste
 E - 4 potions of agility
 F - a potion of brilliance {unknown}
 G - 3 potions of magic {unknown}
Books
 l - a manual of Bows {!d}
   (You found it on level 14 of the Dungeon)
Miscellaneous
 g - a lightning rod (4/4)
   (You found it on level 13 of the Dungeon)
 y - a lamp of fire
   (You found it on level 2 of the Lair of Beasts)
 L - a phial of floods
   (You found it on level 2 of the Shoals)
 Y - a sack of spiders
Comestibles
 c - 30 rations {@e1}
 f - 6 chunks of flesh {@w0}


   Skills:
 + Level 12.9(12.5) Fighting
 * Level 13.3(12.8) Short Blades
 + Level 11.9(11.4) Armour
 + Level 11.9(11.4) Dodging
 - Level 4.0(3.6) Shields
 - Level 11.7(11.3) Evocations


You had 16 spell levels left.
You didn't know any spells.

Dungeon Overview and Level Annotations

Branches:
Dungeon (15/15)            Temple (0/1) D:4            Lair (6/6) D:11
 Shoals (4/4) Lair:3       Spider (0/4) Lair:3        Slime (0/5) Lair:5
    Orc (2/2) D:9             Elf (0/3) Orc:2        Vaults (0/5) D:13
 Depths (0/5) D:15

Altars:
Dithmenos
Elyvilon
Fedhas
Gozag
Nemelex Xobeh
Okawaru
Sif Muna
Uskayaw
Vehumet
Yredelemnul
Zin
Jiyva

Shops:
D:6 [   D:7 !   D:9 (   Orc:2 [=*(   Shoals:1 !

Annotations:
D:6 exclusions: electric eel and 5 more exclusions
D:13 exclusions: cyclops and door
Lair:5 exclusion: 2 oklob plants
Shoals:2 exclusion: Roxanne, Roxanne
Shoals:4 Ilsuiw, Louise


Innate Abilities, Weirdness & Mutations

You have razor-sharp teeth.
You heal very quickly.
When hurt, damage is shared between your health and your magic reserves.
Your bite disrupts and absorbs the magic of your enemies.
Potions cannot restore your health.
You are immune to rotting.


Message History

The water elemental hits you.
You take 5 damage, and have 55/94 hp.
You now have 23/26 mp.
You puncture the water elemental! You bite the water elemental!
You drain its power.
You feel invigorated.
Your lungs strain for air!
You block the merfolk's attack. You block the water elemental's attack.
The water elemental barely misses you.
The merfolk hits you but does no damage.
The merfolk siren chants a haunting song.
You resist with almost no effort. You block the merfolk's attack.
You hear an angry hiss.
You take 3 damage, and have 52/94 hp.
You regained 2 mp, and now have 25/26 mp.
You hit the water elemental. You bite the water elemental. You drain its power.
You feel invigorated.
Your lungs strain for air!
You hear an angry hiss.
The water elemental hits you.
The merfolk hits you but does no damage.
You take 3 damage, and have 49/94 hp.
You hit the water elemental.
Your lungs strain for air!
You block the water elemental's attack.
The merfolk hits you from afar with a trident.
You block the water elemental's attack. The merfolk misses you.
You take 6 damage, and have 43/94 hp.
You now have 22/26 mp.
You puncture the water elemental! You bite the water elemental.
You drain its power.
You feel invigorated.
You destroy the water elemental!
Trog accepts your kill.
Your lungs strain for air!
The water elemental misses you.
The merfolk hits you from afar with a trident.
The merfolk closely misses you.
You take 3 damage, and have 40/94 hp.
You now have 21/26 mp.
You hit the water elemental but do no damage.
You bite the water elemental! You drain its power.
You feel invigorated.
Your lungs strain for air!
You block the merfolk's attack. The water elemental misses you.
You take 2 damage, and have 38/94 hp.
You regained 4 mp, and now have 25/26 mp.
You hit the water elemental but do no damage.
You bite the water elemental. You drain its power.
You feel invigorated.
Your lungs strain for air!
The merfolk closely misses you. The water elemental hits you.
The merfolk completely misses you. You block the merfolk's attack.
The merfolk siren chants a haunting song.
You resist with almost no effort.
You take 3 damage, and have 35/94 hp.
You now have 23/26 mp.
You puncture the water elemental! You bite the water elemental!
You drain its power.
You feel invigorated.
Your lungs strain for air!
The alligator snapping turtle barely misses you.
The water elemental closely misses you. The merfolk barely misses you.
You take 3 damage, and have 32/94 hp.
You regained 2 mp, and now have 25/26 mp.
You hit the water elemental. You bite the water elemental! You drain its power.
You feel invigorated.
You destroy the water elemental!
Trog accepts your kill.
Your lungs strain for air!
The merfolk misses you. You block the merfolk's attack.
The merfolk siren chants a haunting song.
You resist with almost no effort.
The merfolk hits you but does no damage.
You take 2 damage, and have 30/94 hp.
You now have 24/26 mp.
You closely miss the water elemental. You bite the water elemental.
You drain its power.
You feel invigorated.
* * * LOW HITPOINT WARNING * * *
Your lungs strain for air!
You block the water elemental's attack. You block the merfolk's attack.
You take 2 damage, and have 28/94 hp.
You now have 23/26 mp.
You completely miss the water elemental.
You bite the water elemental, but do no damage.
* * * LOW HITPOINT WARNING * * *
Your lungs strain for air!
You block the alligator snapping turtle's attack.
The merfolk hits you but does no damage.
The merfolk misses you.
You take 2 damage, and have 26/94 hp.
You now have 21/26 mp.
You puncture the water elemental!
You destroy the water elemental!
Trog accepts your kill.
You gasp with relief as air once again reaches your lungs.
Splash!
You fall into the shallow water.
Moving in this stuff is going to be slow.
The merfolk hits you but does no damage.
You hear an angry hiss.
You closely miss the water nymph. Your bite misses the water nymph.
You block the merfolk's attack.
The merfolk hits you but does no damage.
The alligator snapping turtle bites you from afar!!
* * * LOW HITPOINT WARNING * * *
The merfolk hits you but does no damage.
You take 16 damage, and have 11/94 hp.
You now have 9/26 mp.
Your unstable footing causes you to fumble your attack.
The water nymph points at you and mumbles some strange words.
The water swirls and strikes you!
You die...

.≈≈≈≈≈≈≈≈≈≈≈≈≈≈≈
..≈≈≈≈≈≈≈≈≈≈≈≈≈≈
#≈≈≈<≈≈≈≈≈≈≈≈
##≈≈≈≈≈≈≈≈≈≈≈ .
#≈≈≈≈≈≈≈≈≈≈. ..
+m≈≈≈≈≈≈≈≈.. ...
#m≈≈≈≈≈≈≈... ..$.
##≈≈≈≈≈≈≈....
.....#####@m≈≈≈≈≈≈....
........m)).≈≈≈≈≈≈....
......)†m.tm≈≈≈≈≈≈....
..........≈≈(≈≈≈≈≈....
≈≈....≈≈≈≈≈≈≈≈≈≈≈≈....
≈≈≈≈≈≈≈≈≈≈≈≈≈≈≈≈≈≈...
≈≈≈≈≈≈≈≈≈≈≈≈≈≈≈≈≈≈..
≈≈≈≈≈≈≈≈≈≈≈≈≈≈≈≈≈≈≈
≈≈≈≈≈≈≈≈≈≈≈≈≈≈≈≈≈≈


You could see an alligator snapping turtle, 4 merfolk, a merfolk siren and a
water nymph.

Vanquished Creatures
  An orc warlord (Orc:1)
  2 stone giants
  Nessos (Orc:2)
  Snorg (Orc:2)
  A merfolk impaler (Shoals:2)
  3 ettins
  The ghost of isock the Fighter, a journeyman GnWn of Ru (D:11)
  2 minotaurs (D:14)
  2 hydras
  An ice dragon (D:15)
  2 merfolk avatars
  2 alligator snapping turtles (Shoals:1)
  2 catoblepae
  2 death knights
  The ghost of TySteely the Severer, a novice HOFi of Makhleb (D:8)
  An ogre mage (D:13)
  3 merfolk aquamancers
  4 centaur warriors
  5 two-headed ogres
  A satyr (Shoals:3)
  14 death yaks
  3 tengu warriors
  Nergalle (Orc:1)
  The ghost of Kurtz the Covert, a novice OpAK of Lugonu (D:9)
  9 skeletal warriors
  An unseen horror (shapeshifter) (D:14)
  5 sea snakes
  2 unseen horrors
  A lindwurm (Lair:6)
  A deep elf archer (D:13)
  12 harpies
  3 deep elf magi
  2 orc sorcerers (Orc:2)
  An orc knight (D:13)
  5 elephants (Lair:5)
  11 manticores
  12 fauns
  16 cyclopes
  13 ugly things
  5 merfolk sirens
  2 black mambas
  3 water nymphs
  3 centaur zombies
  6 centaur skeletons
  A torpor snail (Lair:6)
  7 spiny frogs
  2 gargoyles
  An efreet (D:13)
  5 kobold demonologists
  3 rime drakes
  10 komodo dragons
  8 yaktaurs (D:14)
  11 merfolk
  12 trolls
  4 wind drakes
  Grinder (D:6)
  8 polar bears
  7 snapping turtles
  17 blink frogs
  5 hornets (Lair:6)
  5 dream sheep (Lair:6)
  12 hippogriffs
  A meliai zombie (D:14)
  A wraith (D:11)
  4 wyverns
  51 yaks
  11 spriggans
  A fire elemental (D:13)
  11 water elementals
  6 basilisks
  10 vampire mosquitoes
  2 hungry ghosts
  5 wargs
  A soldier ant (D:14)
  14 water moccasins
  An acid dragon (D:11)
  5 porcupines
  2 ice beasts
  2 eyes of draining
  16 orc warriors
  6 sky beasts
  A necrophage (D:10)
  2 hornet zombies
  4 black bears
  18 ogres
  19 wolves
  6 centaurs
  2 phantoms
  8 boggarts
  17 crocodiles
  9 big kobolds
  18 bullfrogs
  A wyvern skeleton (D:10)
  5 scorpions
  A spriggan skeleton (Lab)
  19 killer bees
  2 electric eels
  10 wights
  7 howler monkeys
  A troll skeleton (Lab)
  6 crimson imps
  3 bullfrog zombies
  7 jellies
  7 hounds
  21 orc wizards
  A bullfrog skeleton (D:8)
  21 orc priests
  Jessica (D:3)
  6 iguanas
  5 hell rats (Lair:6)
  5 worker ants
  An ogre skeleton (Lab)
  2 hound zombies
  2 mummies (D:11)
  A worker ant zombie (D:11)
  17 gnolls
  A howler monkey skeleton (D:7)
  15 adders
  6 shadow imps
  2 oozes (D:1)
  An adder skeleton (D:8)
  A worm (D:3)
  4 dart slugs
  3 leopard geckos
  63 orcs
  4 giant cockroaches
  4 hobgoblins
  19 jackals
  4 quokkas
  10 bats
  4 frilled lizards
  4 goblins (D:1)
  24 kobolds
  2 quokka skeletons
  7 rats
  A fungus (Lair:5)
  A plant (Lair:6)
875 creatures vanquished.

Vanquished Creatures (collateral kills)
  A minotaur (Lab)
  A fire dragon (D:15)
  Sonja (Lair:1)
  2 dream sheep (Lair:6)
  A yak (D:10)
6 creatures vanquished.

Vanquished Creatures (others)
  A satyr (Shoals:3)
  2 manticores
  A faun (Shoals:3)
  A yaktaur (D:14)
  3 centaurs (D:15)
  10 fungi
  4 plants
  2 withered plants (D:11)
24 creatures vanquished.

Grand Total: 905 creatures vanquished

Notes
Turn   | Place    | Note
-------+----------+-------------------------------------------
     0 | D:1      | Firecrotchwizard the Vine Stalker Berserker began the quest for the Orb.
     0 | D:1      | Reached XP level 1. HP: 11/11 MP: 2/2
   118 | D:1      | Reached XP level 2. HP: 13/16 MP: 3/3
   141 | D:1      | Reached skill level 3 in Short Blades
   378 | D:1      | Reached XP level 3. HP: 19/19 MP: 4/4
   399 | D:1      | Reached skill level 3 in Fighting
   544 | D:1      | Reached skill level 2 in Armour
   827 | D:2      | Found a sparkling altar of Nemelex Xobeh.
   829 | D:2      | Found a blossoming altar of Fedhas.
   873 | D:2      | Found a hide-covered altar of Uskayaw.
   878 | D:2      | Reached skill level 2 in Dodging
  1028 | D:2      | Reached ** piety under Trog
  1750 | D:3      | Noticed Jessica
  1762 | D:3      | Killed Jessica
  1762 | D:3      | Gained mutation: Your natural rate of healing is unusually fast. [Vine Stalker growth]
  1762 | D:3      | Reached XP level 4. HP: 18/24 MP: 5/5
  1887 | D:3      | Reached XP level 5. HP: 24/28 MP: 6/6
  2074 | D:3      | Reached skill level 4 in Short Blades
  2230 | D:3      | Found a deep blue altar of Sif Muna.
  2303 | D:4      | Found a staircase to the Ecumenical Temple.
  2354 | D:4      | Noticed a phantom
  2396 | D:4      | Killed a phantom
  2396 | D:4      | Reached XP level 6. HP: 28/32 MP: 5/7
  2649 | D:4      | Found an opulent altar of Gozag.
  2854 | D:5      | Entered Level 5 of the Dungeon
  2965 | D:5      | Reached *** piety under Trog
  2975 | D:5      | Noticed a sky beast
  2988 | D:5      | Killed a sky beast
  2988 | D:5      | Reached skill level 3 in Armour
  2988 | D:5      | Reached skill level 3 in Dodging
  2988 | D:5      | Reached XP level 7. HP: 29/37 MP: 5/8
  3065 | D:5      | Reached skill level 5 in Short Blades
  3214 | D:5      | Reached skill level 4 in Fighting
  3510 | D:5      | Found a shadowy altar of Dithmenos.
  3511 | D:5      | Found an opulent altar of Gozag.
  4202 | D:6      | Found the +3 pair of gauntlets of War {Slay+5}
  4236 | D:6      | Found an iron altar of Okawaru.
  4252 | D:6      | Gained mutation: You have razor-sharp teeth. [Vine Stalker growth]
  4252 | D:6      | Reached XP level 8. HP: 32/42 MP: 9/9
  4365 | D:6      | Reached skill level 6 in Short Blades
  4436 | D:6      | Reached skill level 4 in Dodging
  4490 | D:6      | Noticed Grinder
  4497 | D:6      | Killed Grinder
  4497 | D:6      | Reached skill level 5 in Fighting
  4497 | D:6      | Reached skill level 4 in Armour
  4556 | D:6      | Found Vaoq's Antique Armour Boutique.
  4596 | D:6      | Bought a pair of embroidered gloves for 157 gold pieces
  4596 | D:6      | Bought a pair of boots for 94 gold pieces
  4781 | D:6      | Reached skill level 7 in Short Blades
  4781 | D:6      | Reached XP level 9. HP: 41/47 MP: 10/10
  5065 | D:6      | Found a basalt altar of Yredelemnul.
  5122 | D:6      | Found a white marble altar of Elyvilon.
  5271 | D:7      | Found Betuss's Distillery.
  5495 | D:7      | Reached **** piety under Trog
  5545 | D:7      | Reached skill level 5 in Dodging
  5568 | D:7      | Identified a scroll of acquirement
  5602 | D:7      | Reached skill level 5 in Armour
  5622 | D:7      | Reached skill level 8 in Short Blades
  5634 | D:7      | Bought a potion of haste for 120 gold pieces
  5900 | D:8      | Identified the Papyrus of Absolutism
  6019 | D:8      | Noticed a two-headed ogre
  6034 | D:8      | Killed a two-headed ogre
  6034 | D:8      | Reached skill level 6 in Fighting
  6034 | D:8      | Reached XP level 10. HP: 50/53 MP: 11/11
  6282 | D:8      | Noticed a two-headed ogre
  6293 | D:8      | Killed a two-headed ogre
  6293 | D:8      | Reached skill level 9 in Short Blades
  6363 | D:8      | Noticed a two-headed ogre
  6369 | D:8      | Killed a two-headed ogre
  6527 | D:8      | Noticed TySteely's ghost (novice HOFi)
  6556 | D:8      | Killed TySteely's ghost
  6556 | D:8      | Reached skill level 7 in Fighting
  6556 | D:8      | Reached skill level 6 in Armour
  6556 | D:8      | Reached skill level 6 in Dodging
  6876 | D:9      | Noticed Kurtz's ghost (novice OpAK)
  7168 | D:9      | Killed Kurtz's ghost
  7168 | D:9      | Reached skill level 10 in Short Blades
  7168 | D:9      | Reached XP level 11. HP: 36/58 MP: 12/12
  7313 | D:9      | Found a staircase to the Orcish Mines.
  7330 | D:9      | Reached ***** piety under Trog
  7581 | D:9      | Found Cuilithest's Weapon Shop.
  7590 | D:9      | Found a radiant altar of Vehumet.
  7688 | D:9      | Noticed an angel
  7689 | D:9      | Found a glowing silver altar of Zin.
  7706 | D:10     | Entered Level 10 of the Dungeon
  7878 | D:10     | Noticed a two-headed ogre
  7897 | D:10     | Killed a two-headed ogre
  7967 | D:10     | Reached skill level 7 in Dodging
  7987 | D:10     | Reached skill level 7 in Armour
  8050 | D:10     | Reached skill level 8 in Fighting
  8157 | D:10     | Reached skill level 11 in Short Blades
  8440 | D:11     | Reached skill level 1 in Evocations
  8503 | D:11     | Noticed a two-headed ogre
  8506 | D:11     | Noticed a brown ugly thing
  8515 | D:11     | Killed a two-headed ogre
  8515 | D:11     | Reached skill level 2 in Evocations
  8526 | D:11     | Killed a brown ugly thing
  8526 | D:11     | Gained mutation: You heal very quickly. [Vine Stalker growth]
  8526 | D:11     | Reached XP level 12. HP: 54/65 MP: 14/14
  8641 | D:11     | Reached skill level 3 in Evocations
  8712 | D:11     | Found a staircase to the Lair.
  8721 | D:11     | Got an encrusted glaive
  8843 | D:11     | Noticed isock's ghost (journeyman GnWn)
  8857 | D:11     | Noticed a catoblepas
  8873 | D:11     | Killed isock's ghost
  8883 | D:11     | Killed a catoblepas
  8934 | D:11     | Reached skill level 4 in Evocations
  9057 | D:11     | HP: 8/65 [skeletal warrior/glaive (16)]
  9098 | D:11     | HP: 12/65 [skeletal warrior/battleaxe[a skeletal warrior] (9)]
  9103 | D:11     | HP: 10/97 [skeletal warrior/enchanted halberd[a skeletal warrior] (10)]
  9103 | D:11     | HP: 2/97 [skeletal warrior/glaive (8)]
  9110 | D:11     | HP: 2/97 [skeletal warrior/battleaxe[a skeletal warrior] (2)]
  9112 | D:11     | Received a gift from Trog
  9112 | D:11     | Reached skill level 5 in Evocations
  9448 | Lair:1   | Entered Level 1 of the Lair of Beasts
  9488 | Lair:1   | Reached skill level 8 in Dodging
  9489 | Lair:1   | Reached skill level 9 in Fighting
  9489 | Lair:1   | Reached skill level 8 in Armour
  9545 | Lair:1   | Got a shimmering robe
  9609 | Lair:1   | Noticed Sonja
  9619 | Lair:1   | Killed Sonja
  9724 | Lair:1   | Reached skill level 6 in Evocations
 10271 | Lair:2   | Reached XP level 13. HP: 47/70 MP: 18/18
 11025 | Lair:2   | Reached skill level 7 in Evocations
 11243 | Lair:3   | HP: 13/70 [death yak (8)]
 11318 | Lair:3   | Found a staircase to the Shoals.
 11708 | Lair:3   | Reached skill level 8 in Evocations
 11848 | Lair:3   | Found a hole to the Spider Nest.
 12003 | Lair:4   | Found a blossoming altar of Fedhas.
 12061 | Lair:4   | Received a gift from Trog
 12088 | Lair:4   | Reached skill level 9 in Dodging
 12134 | Lair:4   | Reached skill level 9 in Armour
 12287 | Lair:4   | Reached skill level 10 in Fighting
 13381 | Lair:5   | Reached skill level 9 in Evocations
 13401 | Lair:5   | Reached XP level 14. HP: 71/77 MP: 21/21
 13464 | Lair:5   | Found a staircase to the Slime Pits.
 13464 | Lair:5   | Found a viscous altar of Jiyva.
 13589 | Lair:5   | You fall through a shaft!
 13589 | Lair:6   | Entered Level 6 of the Lair of Beasts
 13851 | Lair:6   | Received a gift from Trog
 13912 | Lair:6   | Reached skill level 10 in Evocations
 14574 | Lair:6   | Got a crude halberd
 14918 | Lair:6   | Reached skill level 10 in Dodging
 15539 | D:12     | Reached skill level 11 in Fighting
 15539 | D:12     | Reached skill level 10 in Armour
 15852 | D:12     | Received a gift from Trog
 16359 | D:13     | Reached skill level 11 in Evocations
 16366 | D:13     | Reached XP level 15. HP: 82/82 MP: 24/24
 16750 | Orc:1    | Entered Level 1 of the Orcish Mines
 16827 | Orc:2    | Entered Level 2 of the Orcish Mines
 16827 | Orc:2    | Found a labyrinth entrance.
 16852 | Lab      | Entered a labyrinth
 17123 | Orc:1    | Reached skill level 1 in Shields
 18046 | Orc:2    | Found Viwk's Antique Weapon Shoppe.
 18106 | Orc:2    | Found Feuskiu's General Store.
 18158 | Orc:2    | Reached skill level 2 in Shields
 18276 | Orc:2    | Noticed Snorg
 18314 | Orc:2    | Killed Snorg
 18341 | Orc:2    | Found a staircase to the Elven Halls.
 18345 | Orc:2    | Noticed Nessos
 18353 | Orc:2    | Killed Nessos
 18353 | Orc:2    | Reached skill level 3 in Shields
 18375 | Orc:2    | Found Daukkacs's Jewellery Boutique.
 18469 | Orc:2    | Received a gift from Trog
 18491 | Orc:2    | Found Plog's Antique Armour Emporium.
 18511 | Orc:2    | Bought a glowing cloak for 180 gold pieces
 18885 | Orc:1    | Noticed an orc warlord
 18886 | Orc:1    | Noticed Nergalle
 19001 | Orc:1    | Reached skill level 4 in Shields
 19720 | Orc:1    | Killed Nergalle
 20021 | Orc:1    | Killed an orc warlord
 20618 | D:13     | Found a gate to the Vaults.
 20986 | D:14     | Found an iron altar of Okawaru.
 21025 | D:14     | Received a gift from Trog
 21557 | D:14     | Reached XP level 16. HP: 77/88 MP: 25/25
 21667 | D:14     | Reached ****** piety under Trog
 21695 | D:14     | Reached skill level 12 in Fighting
 21732 | D:14     | Reached skill level 11 in Dodging
 21984 | D:14     | Reached skill level 11 in Armour
 22064 | D:14     | Received a gift from Trog
 22107 | D:14     | Got a steaming rapier {god gift}
 22108 | D:14     | Identified the +3 rapier of Qaocoak {pierce, -Tele Str+4 Dex+3} (Trog gifted it to you on level 14 of the Dungeon)
 22129 | D:14     | Got a steaming battleaxe {drain}
 22372 | D:15     | Entered Level 15 of the Dungeon
 22587 | D:15     | Reached skill level 12 in Short Blades
 23045 | D:15     | Found a staircase to the Depths.
 23365 | Shoals:1 | Entered Level 1 of the Shoals
 23644 | Shoals:1 | Received a gift from Trog
 23645 | Shoals:1 | Got a brightly glowing fustibalus {god gift}
 23646 | Shoals:1 | Identified the +9 fustibalus "Buka" {flame, rF- rC+ Dex+5} (Trog gifted it to you on level 1 of the Shoals)
 23818 | Shoals:1 | Found Wodd's Distillery.
 23832 | Shoals:1 | Bought a potion of flight for 48 gold pieces
 23832 | Shoals:1 | Bought a potion of haste for 160 gold pieces
 24564 | Shoals:2 | Found the macabre finger necklace {rN+}
 24665 | Shoals:2 | Reached XP level 17. HP: 88/94 MP: 26/26
 24775 | Shoals:2 | Noticed Roxanne
 24849 | Shoals:2 | Reached skill level 13 in Short Blades
 25645 | Shoals:4 | Entered Level 4 of the Shoals
 25648 | Shoals:4 | Noticed Ilsuiw
 25688 | Shoals:4 | Noticed Louise
 25770 | Shoals:4 | HP: 11/94 [alligator snapping turtle (16)]
 25771 | Shoals:4 | Killed from afar by a water nymph

Skill      XL: |  1  2  3  4  5  6  7  8  9 10 11 12 13 14 15 16 17 |
---------------+----------------------------------------------------+-----
Short Blades   | 3 4 5 7 8 10 11 12 13 | 13.3
Fighting       | 3 4 5 6 7 8 9 10 11 12 | 12.9
Armour         | 2 3 4 5 6 7 8 9 10 11 | 11.9
Dodging        | 2 3 4 5 6 7 8 9 10 11 | 11.9
Evocations     | 2 6 9 11 | 11.7
Shields        | 4 |  4.0

Action                   |  1- 3 |  4- 6 |  7- 9 | 10-12 | 13-15 | 16-18 || total
-------------------------+-------+-------+-------+-------+-------+-------++-------
Melee: Short sword       |   111 |   183 |    60 |       |       |       ||   354
       Bite              |    27 |    61 |    80 |   250 |   812 |   461 ||  1691
       Dagger            |       |       |   176 |   436 |   129 |   340 ||  1081
       Quick blade       |       |       |       |   114 |  1388 |   499 ||  2001
Throw: Javelin           |       |       |       |       |     8 |       ||     8
Invok: Trog's Hand       |     1 |     1 |     2 |     2 |     3 |       ||     9
       Burn Spellbooks   |       |       |     1 |     2 |     4 |     4 ||    11
       Brothers in Arms  |       |       |     1 |     6 |     4 |     2 ||    13
       Berserk           |       |       |       |     2 |       |       ||     2
Evoke: Wand              |       |       |       |     6 |    14 |       ||    20
       Lamp of fire      |       |       |       |       |     1 |       ||     1
       Sack of spiders   |       |       |       |       |       |     3 ||     3
  Use: Scroll            |     3 |     7 |     7 |     4 |    13 |     3 ||    37
       Potion            |       |       |       |     1 |       |       ||     1
 Stab: Sleeping          |     1 |       |       |       |       |       ||     1
       Petrified         |       |       |       |       |     1 |       ||     1
       Distracted        |       |       |       |       |       |     1 ||     1
  Eat: Chunk             |     1 |     3 |     4 |     9 |    20 |    11 ||    48
       Ration            |     1 |       |     2 |     4 |     6 |     1 ||    14
Armor: Animal skin       |     1 |       |       |       |       |       ||     1
       Scale mail        |    18 |    12 |       |       |       |       ||    30
       Leather armour    |     1 |       |       |       |       |       ||     1
       Ring mail         |     8 |       |       |       |       |       ||     8
       Chain mail        |       |    60 |    89 |    97 |       |       ||   246
       Plate armour      |       |       |       |    48 |   314 |   278 ||   640
Dodge: Dodged            |    56 |    72 |    80 |   228 |   332 |   232 ||  1000
Block: Other             |       |       |       |     3 |    75 |       ||    78
       Reflection        |       |       |       |       |    20 |    55 ||    75
       Buckler           |       |       |       |       |   135 |   272 ||   407

Vault maps used:
D:1:      erik_arrival_gehennom, st_stairs_12
D:2:      lemuel_crystal_altar, fedhas_altar_fruit_tree,
          roderic_serpentine_path, nemelex_xobeh_ov_fountains_minmay
D:3:      lemuel_blue_sif_altar, uniq_jessica
D:4:      minmay_temple_entry_large_hall, serial_bayou_pond_e,
          nicolae_gozag_seed_capital
D:5:      gammafunk_temple_overflow_statue, first_ration
D:6:      kennysheep_ying_yang, lemuel_round_altar, serial_shops, shop,
          minmay_crystal_water, uniq_grinder
D:7:      serial_shops, shop
D:9:      kennysheep_ambush_hall, zin_angel, fiery_altar_vehumet, orc_david_3
D:11:     erik_lair_dragon, serial_undead, serial_undead_b, serial_undead_d,
          serial_undead_b, serial_undead_f, blue_anna_alchemist
D:12:     serial_curves, eino_curves_02, eino_curves_02, eino_curves_01,
          eino_curves_01
D:13:     giant_chief_lemuel, hangedman_vaults_entry_quadrant_bands
D:14:     fort_yaktaur, okawaru_ov_weapons_minmay, minmay_statues_item,
          kennysheep_flooded_box
D:15:     grunt_enter_depths_hoard, roderic_roman_lattice
Lair:1:   uniq_sonja
Lair:3:   minmay_shoals_entry_beasts, dummy_spider_entry,
          grunt_forest_stairs_clearing, infiniplex_staircase_pool_2
Lair:4:   basic_altar, grunt_megastairs_4, serial_bayou_shore_a
Lair:5:   slime_altar_1, dpeg_oklob_1
Lair:6:   minmay_lair_end_enchanted_forest
Shoals:1: serial_shops, shop
Shoals:2: uniq_roxanne
Shoals:4: shoals_end_simple, shoals_ilsuiw_ice, uniq_louise
Orc:1:    uniq_nergalle
Orc:2:    grunt_orc_gardens, grunt_orc_garden, grunt_orc_garden,
          grunt_orc_garden, grunt_orc_garden, lab_entry_generic, uniq_snorg,
          uniq_nessos
Lab:      labyrinth_mini_lab, labyrinth_lava_lair, nicolae_lab_do_over,
          labyrinth_skeletal_remains, nicolae_lab_big_swirl,
          nicolae_lab_t_cross, nicolae_lab_starburst, lab_statue,
          labyrinth_glass_2

Table legend:
 A = Turns spent in this place as a percentage of turns spent in the entire game.
 B = Non-inter-level travel turns spent in this place as a percentage of non-inter-level travel turns spent in the entire game.
 C = Inter-level travel turns spent in this place as a percentage of turns spent in this place.
 D = Turns resting spent in this place as a percentage of non-inter-level travel turns spent in this place.
 E = Turns spent auto-exploring this place as a percentage of non-inter-level travel turns spent in this place.
 F = Non-inter-level travel turns spent in this place divided by the number of levels of this place that you've seen.
                   A       B       C       D       E      F
               +-------+-------+-------+-------+-------+----------------------
         Total | 100.0 | 100.0 |   6.9 |  15.3 |  55.9 | 856.8
       Dungeon |  52.9 |  52.4 |   7.7 |  10.1 |  60.9 | 837.9
          Lair |  24.0 |  24.0 |   6.8 |   8.6 |  63.6 | 961.0
        Shoals |   9.3 |   9.6 |   4.8 |   8.0 |  55.6 | 572.8
  Orcish Mines |  12.8 |  13.0 |   5.9 |  54.1 |  26.0 | 1555.0
     Labyrinth |   1.0 |   1.1 |   0.0 |  16.9 |   0.0 | 254.0
               +-------+-------+-------+-------+-------+----------------------

Table legend:
 A = Kills in this place as a percentage of kills in entire the game.
 B = Kills by you in this place as a percentage of kills by you in the entire game.
 C = Kills by friends in this place as a percentage of kills by friends in the entire game.
 D = Other kills in this place as a percentage of other kills in the entire game.
 E = Experience gained in this place as a percentage of experience gained in the entire game.
 F = Experience gained in this place divided by the number of levels of this place that you have seen.
                   A       B       C       D       E      F
               +-------+-------+-------+-------+-------+----------------------
         Total | 100.0 | 100.0 | 100.0 | 100.0 | 100.0 | 7310.1
       Dungeon |  57.2 |  57.4 |  33.3 |  50.0 |  40.8 | 5568.1
          Lair |  23.2 |  23.3 |  50.0 |   0.0 |  26.3 | 8982.7
        Shoals |  10.3 |  10.0 |   0.0 |  50.0 |  21.7 | 11102.5
  Orcish Mines |   8.8 |   8.9 |   0.0 |   0.0 |  10.8 | 11011.0
     Labyrinth |   0.6 |   0.5 |  16.7 |   0.0 |   0.4 | 833.0
               +-------+-------+-------+-------+-------+----------------------
